 Dungeon Crawl Stone Soup version 0.25.0-9-g26727b657a (console) character file.

Game seed: 14889119042687249124

9650 Garrluk the Fencer (level 11, 0/76 HPs)
             Began as a Formicid Fighter on June 17, 2020.
             Was an Elder of Qazlal.
             Slain by a slime creature (9 damage)
             ... on level 12 of the Dungeon.
             The game lasted 00:59:09 (8142 turns).

Garrluk the Fencer (Formicid Fighter)               Turns: 8142, Time: 00:59:09

Health: 0/76       AC: 16    Str: 24    XL:     11   Next: 78%
Magic:  16/16      EV:  4    Int:  8    God:    Qazlal [****..]
Gold:   1117       SH: 20    Dex: 10    Spells: 10/10 levels left

rFire    . . .     SeeInvis +   u - +5 great sword (curse)
rCold    . . .     Gourm    .   e - +0 tower shield
rNeg     + . .     Faith    .   E - +2 chain mail {rN+}
rPois    +         Spirit   .   (helmet unavailable)
rElec    .         Reflect  .   (no cloak)
rCorr    .         Harm     .   (no gloves)
MR       +....                  z - +0 pair of boots
Stlth    ..........             v - amulet of magic regeneration
HPRegen  0.22/turn              g - +4 ring of protection
MPRegen  0.40/turn              r - ring of poison resistance

@: repel missiles
A: permanent stasis, dig shafts and tunnels, four strong arms, antennae 3
a: Dig, Shaft Self, Upheaval, Elemental Force, Renounce Religion


You were on level 12 of the Dungeon.
You worshipped Qazlal.
Qazlal was greatly pleased with you.
You were near starving.

You visited 3 branches of the dungeon, and saw 15 of its levels.

You collected 1117 gold pieces.

Inventory:

Hand Weapons
 a - a +0 long sword
 u - a cursed +5 great sword (weapon)
 N - a +3 great sword
Missiles
 c - 6 curare-tipped darts (quivered)
 J - a stone
Armour
 e - a +0 tower shield (worn)
 z - a +0 pair of boots (worn)
 E - a +2 chain mail of positive energy (worn)
Jewellery
 g - a +4 ring of protection (left hand)
 r - a ring of poison resistance (right hand)
 v - an amulet of magic regeneration (around neck)
 G - an uncursed amulet of guardian spirit
Wands
 b - a wand of paralysis (9)
 A - a wand of disintegration (10)
 B - a wand of flame (13)
 M - a wand of polymorph (2)
Scrolls
 i - 9 scrolls of identify
 m - 4 scrolls of magic mapping
 n - 3 scrolls of remove curse
 p - a scroll of enchant weapon {unknown}
 s - a scroll of enchant armour
 x - a scroll of fear
Potions
 d - 3 potions of might
 h - 2 potions of curing {unknown}
 j - 2 potions of flight {unknown}
 k - a potion of berserk rage {unknown}
 l - a potion of stabbing {unknown}
 o - a potion of ambrosia {unknown}
 q - 3 potions of degeneration {unknown}
 t - 4 potions of haste {unknown}
 w - 3 potions of magic {unknown}
 K - a potion of brilliance {unknown}
Comestibles
 f - 8 rations


   Skills:
 + Level 3.9 Fighting
 * Level 15.4 Long Blades
 - Level 3.2 Armour
 + Level 4.3 Shields
 - Level 7.6 Invocations


You had 10 spell levels left.
You didn't know any spells.
Your spell library contained the following spells:

 Spells                   Type           Power        Failure   Level  Hunger
 Magic Dart               Conj           #...         100%        1    ##.....
 Summon Small Mammal      Summ           #...         100%        1    ##.....
 Call Imp                 Summ           #.......     100%        2    ###....
 Searing Ray              Conj           #.....       100%        2    ###....
 Call Canine Familiar     Summ           #.......     100%        3    ####...
 Dazzling Flash           Conj/Hex       #.....       100%        3    ####...
 Summon Guardian Golem    Hex/Summ       #.......     100%        3    ####...
 Fulminant Prism          Conj/Hex       #.........   100%        4    #####..
 Iskenderun's Mystic Bla  Conj/Tloc      #.......     100%        4    #####..
 Summon Ice Beast         Ice/Summ       #.......     100%        4    #####..
 Summon Lightning Spire   Summ/Air       #.......     100%        4    #####..


Dungeon Overview and Level Annotations

Branches:
Dungeon (10/15)            Temple (0/1) D:4            Lair (1/6) D:9
    Orc (2/2) D:9
    Elf: Orc:2

Altars:
Cheibriados
Fedhas
Makhleb
Okawaru
Qazlal
Sif Muna
Uskayaw


Innate Abilities, Weirdness & Mutations

You cannot be hasted, slowed, berserked, paralysed or teleported.
You can dig through walls and to a lower floor.
Your four strong arms can wield two-handed weapons with a shield.
You have a pair of large antennae on your head. (SInv)


Message History

The large slime creature is struck by lightning.
The slime creature hits you!
* * * LOW HITPOINT WARNING * * *
You hear an angry hiss.
You hear a bellow!
A large slime creature splits.
The slime creature is struck by lightning.
Two slime creatures merge to form a large slime creature.
Are you sure you want to shaft yourself?
You are near starving!
Two slime creatures merge to form a large slime creature.
A large slime creature splits.
You block the slime creature's attack.
You begin to dig a shaft.
You continue digging a shaft.
Two slime creatures merge to form a very large slime creature.
The slime creature completely misses you.
You riposte.
You slash the slime creature!
The slime creature is moderately wounded.
You block the slime creature's attack.
The slime creature is engulfed in blazing flames.
The slime creature hits you!
You die...

{ #.#.#####
#########'#......{ {
#...........# {
#...........# {
{{{##...........# { {
#............#
{#####........†...# {
###..........>.<...#
#...###....§..J§...#######
#
###...#......JJ>..........
#.# ###.#......@J....######
#.# #........°JJ......# #.#
####.############.#####.#.#
...##......[..........#.#
#####..########.#######.#
#.#.......#.........#
#.#.####..)#########. #.#.#
##.#.# #.... #[#)#
#.#######.### #.#.#
#.........# #.#.#
###########


You could see a very large slime creature, a large slime creature and 4 slime
creatures.

Vanquished Creatures
  A hydra (Lair:1)
  A centaur warrior (D:10)
  A two-headed ogre (D:8)
  Psyche (D:8)
  A centaur zombie (D:10)
  A tengu conjurer (D:10)
  3 trolls
  A slime creature (D:12)
  2 hippogriffs
  2 wraiths
  A shadow (D:12)
  A hungry ghost (D:9)
  An acid dragon (D:12)
  9 orc warriors
  3 sky beasts
  2 ice beasts (D:6)
  2 necrophages (D:12)
  4 ogres
  A black bear (D:7)
  A centaur (D:9)
  2 big kobolds
  A crocodile (D:12)
  4 bullfrogs
  A gnoll sergeant (D:6)
  4 scorpions
  14 wights
  3 howler monkeys
  2 crimson imps (D:5)
  A jelly (D:10)
  2 bullfrog zombies
  9 orc priests
  5 hounds
  Jessica (D:3)
  2 bullfrog skeletons (D:7)
  2 iguanas
  Terence (D:3)
  10 orc wizards
  4 worker ants
  A hound skeleton (D:7)
  A howler monkey zombie (D:5)
  Robin (D:3)
  13 gnolls
  A worker ant zombie (D:10)
  11 adders
  2 adder zombies
  2 adder skeletons
  3 worms
  2 dart slugs (D:2)
  3 leopard geckos
  46 orcs
  10 bats
  5 giant cockroaches
  15 goblins
  4 hobgoblins
  15 jackals
  9 kobolds
  A quokka (D:10)
  A ball python (D:2)
  5 frilled lizards
  A jackal zombie (D:6)
  2 leopard gecko skeletons (D:4)
  6 rats
267 creatures vanquished.

Notes
Turn   | Place    | Note
-------+----------+-------------------------------------------
     0 | D:1      | Garrluk the Formicid Fighter began the quest for the Orb.
     0 | D:1      | Reached XP level 1. HP: 18/18 MP: 1/1
   140 | D:1      | Reached XP level 2. HP: 24/24 MP: 2/2
   215 | D:1      | Reached skill level 3 in Long Blades
   444 | D:2      | Found a stormy altar of Qazlal.
   452 | D:2      | Became a worshipper of Qazlal Stormbringer
   459 | D:2      | Reached XP level 3. HP: 29/29 MP: 3/3
   660 | D:2      | Reached skill level 4 in Long Blades
   660 | D:2      | Reached XP level 4. HP: 32/35 MP: 4/4
   742 | D:2      | Found a faded altar of an unknown god.
  1016 | D:3      | Noticed Jessica
  1051 | D:3      | Killed Jessica
  1051 | D:3      | Reached XP level 5. HP: 39/41 MP: 5/5
  1089 | D:3      | Noticed Robin
  1095 | D:3      | Reached * piety under Qazlal
  1109 | D:3      | Reached skill level 5 in Long Blades
  1138 | D:3      | Killed Robin
  1412 | D:3      | Reached XP level 6. HP: 33/47 MP: 6/6
  1486 | D:3      | Reached skill level 6 in Long Blades
  1616 | D:3      | Noticed Terence
  1634 | D:3      | Reached ** piety under Qazlal
  1642 | D:3      | Killed Terence
  1710 | D:4      | Noticed an ogre
  1738 | D:4      | Reached XP level 7. HP: 21/52 MP: 7/7
  1739 | D:4      | Reached skill level 7 in Long Blades
  1896 | D:4      | Reached skill level 8 in Long Blades
  2287 | D:4      | Found a staircase to the Ecumenical Temple.
  2420 | D:4      | Got an ichor-stained robe
  2421 | D:4      | Identified the cursed +1 robe "Yskaus" {MR+} (You found it
                  | on level 4 of the Dungeon)
  2489 | D:5      | Entered Level 5 of the Dungeon
  2620 | D:5      | Found an iron altar of Okawaru.
  2701 | D:5      | Reached XP level 8. HP: 58/58 MP: 8/8
  2728 | D:5      | Found a snail-covered altar of Cheibriados.
  3049 | D:5      | Reached skill level 9 in Long Blades
  3435 | D:6      | Reached skill level 10 in Long Blades
  3567 | D:6      | Found a burning altar of Makhleb.
  3576 | D:6      | Reached XP level 9. HP: 19/64 MP: 9/9
  3928 | D:6      | Reached skill level 11 in Long Blades
  4368 | D:7      | Reached *** piety under Qazlal
  4384 | D:7      | Noticed a hippogriff
  4393 | D:7      | Killed a hippogriff
  4629 | D:7      | Reached skill level 12 in Long Blades
  4841 | D:8      | Noticed a two-headed ogre
  4901 | D:8      | Noticed Psyche
  4911 | D:8      | Killed Psyche
  4911 | D:8      | Reached XP level 10. HP: 70/70 MP: 10/10
  5329 | D:8      | Reached skill level 13 in Long Blades
  5334 | D:8      | Reached skill level 1 in Invocations
  5429 | D:8      | Killed a two-headed ogre
  5533 | D:8      | Found a blossoming altar of Fedhas.
  5533 | D:8      | Found a burning altar of Makhleb.
  6149 | D:9      | Found a shimmering blue altar of Sif Muna.
  6209 | D:9      | Found a staircase to the Lair.
  6325 | D:9      | Found a staircase to the Orcish Mines.
  6336 | D:9      | Found a hide-covered altar of Uskayaw.
  6345 | Orc:1    | Entered Level 1 of the Orcish Mines
  6391 | Orc:2    | Entered Level 2 of the Orcish Mines
  6587 | Orc:1    | Reached **** piety under Qazlal
  6616 | Orc:2    | Reached skill level 14 in Long Blades
  6734 | Orc:1    | Reached skill level 5 in Invocations
  6888 | Orc:2    | Reached XP level 11. HP: 45/75 MP: 15/15
  7050 | D:10     | Entered Level 10 of the Dungeon
  7254 | D:10     | Noticed a centaur warrior
  7267 | D:10     | Killed a centaur warrior
  7305 | D:10     | Reached skill level 15 in Long Blades
  7540 | Lair:1   | Entered Level 1 of the Lair of Beasts
  7540 | Lair:1   | Noticed a four-headed hydra
  7543 | Lair:1   | Killed a four-headed hydra
  7552 | D:9      | You fall into a shaft and drop 2 floors!
  7552 | D:11     | Noticed a brown ugly thing
  7571 | D:11     | You fall into a shaft and drop 1 floor!
  8142 | D:12     | Slain by a slime creature

Illustrated notes

Levels and vault maps discovered:
D:1:      lightli_arrival_noodles, layout_rooms
D:2:      layout_basic, nicolae_overflow_hidden_temple,
          chequers_ecumenical_altar_simple_redux
D:3:      layout_basic, fountainhead, uniq_jessica, uniq_terence, uniq_robin
D:4:      layout_rooms, minmay_temple_entry_poolview, serial_bayou,
          serial_bayou_crossing, serial_bayou_ford_a, serial_bayou_shore_b,
          serial_bayou_lake_a, serial_bayou_pond_d
D:5:      layout_gridville, kennysheep_little_box, first_ration,
          okawaru_ov_weapons_minmay
D:6:      layout_loops_corners, makhleb_heckhound_becter
D:7:      layout_loops_cross
D:8:      layout_cave_pools, gammafunk_temple_overflow_wave, uniq_psyche
D:9:      minmay_angry_zag, layout_stronghold, lemuel_round_altar,
          kennysheep_mini, lair_entry_dummy, orc_0_dummy
D:10:     layout_basic
D:11:     layout_rooms
D:12:     minmay_slanted_spiral_squares, layout_basic, serial_shops,
          nicolae_shop_trees, uniq_rupert
Lair:1:   layout_regular_city, kennysheep_abandoned_house
Orc:1:    layout_diamond_mine
Orc:2:    pf_orc_diabolical, layout_diamond_mine, basic_altar, serial_shops,
          shop_scrolls

Skill      XL: |  1  2  3  4  5  6  7  8  9 10 11 |
---------------+----------------------------------+-----
Long Blades    | 3 4 5 6 8 10 12 14 15 | 15.4
Invocations    | 5 7 |  7.6
Shields        | 4 |  4.3
Fighting       | |  3.9
Armour         | |  3.2

Action                   |  1- 3 |  4- 6 |  7- 9 | 10-12 || total
-------------------------+-------+-------+-------+-------++-------
Melee: Long sword        |    83 |   256 |   467 |   397 ||  1203
       Great sword       |       |       |       |   116 ||   116
Throw: Stone             |       |       |     4 |     2 ||     6
       Dart              |       |       |    14 |       ||    14
Invok: Upheaval          |       |       |     2 |     8 ||    10
 Abil: Dig               |    30 |    31 |    77 |    59 ||   197
       Shaft Self        |       |       |       |     3 ||     3
Evoke: Wand              |       |       |       |     5 ||     5
  Use: Scroll            |       |     1 |     3 |    10 ||    14
       Potion            |       |       |     1 |     3 ||     4
 Stab: Paralysed         |       |       |       |     3 ||     3
  Eat: Chunk             |     2 |     7 |    15 |    15 ||    39
       Ration            |       |       |     1 |     1 ||     2
Armor: Scale mail        |    54 |    15 |       |       ||    69
       Chain mail        |       |    45 |    99 |    93 ||   237
       Plate armour      |       |       |    53 |     2 ||    55
Dodge: Dodged            |    15 |    30 |    19 |    22 ||    86
Block: Tower shield      |   102 |   157 |   334 |   390 ||   983
       Rpst.: Long sword |     2 |     9 |     9 |     4 ||    24
       Great sword       |       |       |       |     2 ||     2
